Description

Replay - Railgan v SCVKing - Newkirk Precinct TE (Void)

Build Order

Get SALT Encoding   

  12  0:02  SCV  
  13  0:14  SCV  
  14  0:20  Supply Depot  
  14  0:26  SCV  
  15  0:42  SCV  
  16  0:47  Barracks  
  16  0:50  Refinery  
  16  0:54  SCV  
  17  1:06  SCV  
  18  1:18  SCV  
  19  1:34  Marine, Orbital Command  
  20  1:46  Command Center  
  20  1:52  Marine  
  21  1:57  Factory  
  21  2:01  SCV  
  22  2:10  Supply Depot  
  22  2:12  Barracks Reactor  
  22  2:22  SCV  
  23  2:24  Refinery  
  23  2:34  SCV  
  23  2:58  SCV, Marine  
  23  3:01  Hellion x2  
  23  3:02  Starport  
  28  3:07  Orbital Command  
  28  3:14  SCV  
  28  3:19  Marine  
  30  3:22  Hellion x2  
  34  3:32  SCV x2  
  35  3:38  Marine  
  35  3:39  Medivac  
  39  3:43  Hellion  
  39  3:46  Armory  
  41  3:49  Hellion  
  41  3:51  SCV  
  44  4:00  Supply Depot  
  44  4:02  Marine  
  45  4:11  Starport Tech Lab  
  45  4:13  SCV  
  46  4:21  Supply Depot, Hellion x2  
  46  4:24  SCV  
  51  4:28  Cloaking Field  
  51  4:29  Banshee  
  54  4:42  SCV x2  
  54  4:43  Hellion x2  
  52  4:54  SCV  
  51  5:03  SCV  
  51  5:05  Hellion  
  53  5:12  Banshee  
  53  5:14  SCV x2  
  53  5:17  Hellion  
  57  5:26  Hellion  
  57  5:27  SCV  
  60  5:32  SCV  
  61  5:36  Marine  
  61  5:41  SCV, Engineering Bay  
  60  5:43  Hellion  
  62  6:07  Supply Depot  
Spawning Tool Build Advisor. Get it on Overwolf

Go to:

Details

  • Created by: sandriver
  • Published on: Apr 05, 2017
  • Modified on: Apr 05, 2017
  • Patch: 3.8.0
Show
View Real Time Build Order
Export as new Build Order

Comments (0)

There are no comments. Be the first!

Create an account to comment!